 Dungeon Crawl Stone Soup version 0.28-a0-1182-g381e24db82 (webtiles) character file.

Game seed: 9297065621899304659

94 Fortus the Ogre Mage (level 4, 0/44 HPs)
             Began as an Ogre Warper on Dec 17, 2021.
             Succumbed to a goblin's poison
             ... on level 1 of the Dungeon.
             The game lasted 00:03:12 (2387 turns).

Fortus the Ogre Mage (Ogre Warper)                  Turns: 2387, Time: 00:03:13

Health: 0/44       AC:  3    Str: 17    XL:     4   Next: 63%
Magic:  7/9        EV:  9    Int: 14    God:
Gold:   66         SH:  0    Dex:  8    Spells: 7/9 levels left

rFire   . . .      SeeInvis .   a - +0 mace
rCold   . . .      Faith    .   (no shield)
rNeg    . . .      Spirit   .   b - +0 robe
rPois   .          Reflect  .   (helmet restricted)
rElec   .          Harm     .   (no cloak)
rCorr   .          Rampage  .   (gloves unavailable)
Will    .....                   (boots unavailable)
Stlth   +.........              (no amulet)
HPRegen 0.14/turn               (no ring)
MPRegen 0.11/turn               (no ring)

@: lethally poisoned (0 -> -6), on blink cooldown
A: large, unfitting armour, tough skin 1
a: no special abilities


You were on level 1 of the Dungeon.
You visited 1 branch of the dungeon, and saw 2 of its levels.

You collected 66 gold pieces.

Inventory:

Hand Weapons
 a - a +0 mace (weapon)
Missiles
 d - 5 boomerangs of dispersal (quivered)
Armour
 b - a +0 robe (worn)
Scrolls
 c - a scroll of blinking
 e - 3 scrolls of identify {unknown}
 g - a scroll of enchant weapon {unknown}
Potions
 f - a potion of invisibility {unknown}
 h - 3 potions of curing {unknown}


   Skills:
 - Level 2.6 Fighting
 * Level 3.2 Maces & Flails
 - Level 1.0 Throwing
 - Level 2.1 Dodging
 + Level 3.3 Spellcasting
 + Level 3.3 Translocations


You had 7 spell levels left.
You knew the following spells:

 Your Spells              Type           Power      Damage    Failure   Level
a - Blink                 Tloc           22%        N/A       9%          2

Your spell library contained the following spells:

 Spells                   Type           Power      Damage    Failure   Level
 Gell's Gravitas          Tloc           11%        N/A       16%         3
 Lesser Beckoning         Tloc           11%        N/A       16%         3
 Teleport Other           Tloc           11%        N/A       16%         3
 Manifold Assault         Tloc           11%        N/A       83%         5


Dungeon Overview and Level Annotations

Branches:
Dungeon (2/15)

Altars:


Innate Abilities, Weirdness & Mutations

You are too large for most types of armour.
You have tough skin. (AC +1)


Message History

You sock the hobgoblin!
You kill the hobgoblin!
You sock the goblin!
You kill the goblin!
You barely miss the hobgoblin. The hobgoblin hits you.
You completely miss the hobgoblin. The hobgoblin hits you.
The hobgoblin closely misses you.
You sock the hobgoblin!
You kill the hobgoblin!
The goblin hits you with a +2 dagger of venom.
You are poisoned.
You closely miss the goblin.
You feel very sick.
The goblin hits you with a +2 dagger of venom.
You are more poisoned.
You barely miss the goblin.
You feel very sick. The goblin hits you but does no damage.
You feel sick.
You feel sick.
You feel sick.
You feel sick.
You feel sick.
You feel sick.
You feel sick.
You feel sick.
You feel sick.
You are no longer poisoned.
There is a stone staircase leading up here.
The goblin hits you with a +2 dagger of venom.
* * * LOW HITPOINT WARNING * * *
You are lethally poisoned!
You climb upwards.
* * * LOW HITPOINT WARNING * * *
You feel very sick.
There is a stone staircase leading down here.
Casting: Blink (safe; 9% risk of failure)
Confirm with . or Enter, or press ? or * to list all spells.
You blink.
You die...

..####.######..........#
................######.#
.###............# #.#
................# #.#
######+###......# #.#
.......###......######.#
.....................#.#
...........###..####.#.#
...........##...@..#.#.#
.......##.###.#..#.#.#.#
.......##.# #.#..#.#.#.#
.......##.# #.##...#.#.#
......[##.# #.#....#.#.#
#########.# #.#.g.##.#.#
#.# #.#.#ยง.....# #.#
#.#.####.### #########.#
#.#....#.#


You could see a goblin.

Vanquished Creatures
  Jessica (D:2)
  An adder (D:2)
  3 worms (D:2)
  2 dart slugs (D:1)
  4 ball pythons
  3 bats
  2 endoplasms (D:1)
  5 goblins
  6 hobgoblins
  4 jackals (D:1)
  3 frilled lizards
  6 kobolds
  5 rats
45 creatures vanquished.

Notes
Turn   | Place    | Note
-------+----------+-------------------------------------------
     0 | D:1      | Fortus the Ogre Warper began the quest for the Orb.
     0 | D:1      | Reached XP level 1. HP: 22/22 MP: 3/3
   105 | D:1      | Reached XP level 2. HP: 24/29 MP: 5/5
   594 | D:1      | Reached XP level 3. HP: 32/36 MP: 7/7
  1319 | D:2      | Found a faded altar of an unknown god.
  1371 | D:2      | Learned a level 2 spell: Blink
  1677 | D:2      | Reached XP level 4. HP: 18/44 MP: 8/8
  2261 | D:2      | Noticed Jessica
  2268 | D:2      | Killed Jessica
  2386 | D:1      | HP: 1/44 [poisoned by a goblin]
  2387 | D:1      | Succumbed to a goblin's poison

Illustrated notes

Levels and vault maps discovered:
D:1:      psy_arrival_terrarium, layout_basic
D:2:      layout_loops_ring, nicolae_ecumenical_pavilion, minmay_vboxes,
          uniq_terence, uniq_jessica, uniq_robin

Skill      XL: |  1  2  3  4 |
---------------+-------------+-----
Maces & Flails | 2 3 |  3.2
Translocations | 3 |  3.3
Spellcasting   | 3 |  3.3
Fighting       | |  2.6
Throwing       | |  1.0
Dodging        | |  2.1

Action                   |  1- 3 |  4- 6 || total
-------------------------+-------+-------++-------
Melee: Mace              |   112 |    41 ||   153
 Cast: Blink             |       |     1 ||     1
 Stab: Sleeping          |     1 |       ||     1
Armor: Robe              |    50 |    10 ||    60
Dodge: Dodged            |    54 |    19 ||    73

Table legend: (Time is in decaauts)
 A = Elapsed time spent in this place.
 B = Non-inter-level travel time spent in this place.
 C = Inter-level travel time spent in this place.
 D = Time resting spent in this place.
 E = Time spent auto-exploring this place.
 F = Levels seen in this place.
 G = Mean time per level.
                   A        B        C        D        E       F      G
               +--------+--------+--------+--------+--------+-----+--------+
         Total |   2428 |   2320 |    108 |    505 |   1468 |   2 | 1214.0 |
       Dungeon |   2428 |   2320 |    108 |    505 |   1468 |   2 | 1214.0 |
               +--------+--------+--------+--------+--------+-----+--------+

Top non-repeatable levels by time:
     D:1: 1539 daAuts
     D:2: 889 daAuts
